AoeStats
← Atzelander

Black Forest

509584201Analyzed
2v2 RM · 3d ago on Sep 27, 2026· 105m 33s· 4 players
Game mode
Random Map
Map size
Medium (4 player)
Population
200
Speed
Normal
Resources
Standard
Victory
Conquest
Starting age
Dark Age
Ending age
Imperial Age
RankedLock teamsTeams togetherTeam positionsShared explorationLock speedFull tech treeHidden civsTurbo modeCheats
Victory
Defeat
🇺🇸 Armenians · United States
658
+14
🇵🇹 Bohemians · Portugal
656
+14
🇻🇳 Vikings · Vietnam
657
-16
🇩🇪 Malay · Germany
565
-12
wJesusRVzla
10:16 Loom
13:06 Feudal Age
13:34 Double-Bit Axe
14:31 Wheelbarrow
17:30 Padded Archer Armor
17:21 Fletching
17:15 Horse Collar
21:18 Scale Mail Armor
20:43 Man-at-Arms
29:04 Castle Age
32:02 Hand Cart
34:19 Pikeman
35:00 Elite Skirmisher
35:01 Crossbowman
39:18 Leather Archer Armor
39:00 Bodkin Arrow
39:44 Squires
43:50 Herbal Medicine
44:58 Chemistry
44:04 Siphons
44:21 Ballistics
45:01 Arson
50:20 Imperial Age
50:29 Imperial Age
50:32 Guard Tower
51:07 Caravan
51:38 Coinage
64:32 Houfnice
70:31 Arbalester
Luisftrujillob
9:04 Loom
11:22 Feudal Age
12:51 Horse Collar
14:05 Man-at-Arms
15:44 Long Swordsman
16:10 Arson
19:47 Scale Mail Armor
30:13 Double-Bit Axe
30:18 Gold Mining
30:18 Stone Mining
39:20 Fletching
39:30 Padded Archer Armor
39:46 Forging
44:46 Castle Age
46:09 Caravan
48:25 Masonry
48:30 Fortified Wall
48:19 Murder Holes
49:15 Crossbowman
50:54 Heated Shot
50:46 Treadmill Crane
54:02 Fletching
54:13 Padded Archer Armor
56:05 Bodkin Arrow
56:25 Leather Archer Armor
56:35 Ballistics
60:45 Iron Casting
61:05 Iron Casting
60:36 Scale Barding Armor
61:00 Chain Mail Armor
65:23 Imperial Age
62:33 Elite Skirmisher
63:12 Guard Tower
64:12 Fervor
74:00 Bracer
74:32 Ring Archer Armor
75:06 Chemistry
75:09 Blast Furnace
74:40 Plate Mail Armor
74:30 Chain Barding Armor
75:56 Arbalester
77:58 Bombard Tower
82:51 Bloodlines
82:02 Light Cavalry
82:43 Husbandry
83:35 Cavalier
Atzelander
0:28 Loom
21:27 Feudal Age
25:32 Man-at-Arms
25:58 Arson
26:50 Wheelbarrow
26:01 Town Watch
26:09 Stone Mining
26:15 Gold Mining
26:12 Double-Bit Axe
26:11 Horse Collar
32:42 Castle Age
32:07 Light Cavalry
32:48 Husbandry
32:19 Long Swordsman
33:00 Squires
35:03 Crossbowman
35:52 Thumb Ring
35:08 Elite Skirmisher
35:34 Pikeman
37:08 Bow Saw
39:33 Imperial Age
37:47 Murder Holes
37:33 Treadmill Crane
38:14 Ballistics
38:37 Guard Tower
41:26 Conscription
40:34 Arbalester
43:12 Heavy Plow
42:49 Elite Karambit Warrior
46:38 Chemistry
46:36 Gold Shaft Mining
46:38 Stone Shaft Mining
47:25 Crop Rotation
48:38 Hand Cart
48:24 Town Patrol
49:08 Padded Archer Armor
48:58 Fletching
49:19 Forging
49:15 Scale Barding Armor
55:22 Leather Archer Armor
55:03 Bodkin Arrow
55:43 Iron Casting
59:03 Blast Furnace
58:04 Bracer
58:34 Ring Archer Armor
60:00 Capped Ram
61:54 Halberdier
64:06 Ring Archer Armor
88:04 Cavalier
Barcelomimi
0:36 Loom
14:43 Feudal Age
15:13 Man-at-Arms
15:54 Double-Bit Axe
Connection lost

Rejoining the realm…

Still unreachable

The connection could not be restored.

Session expired

The server has moved on; the page needs a fresh start.